[Event "Titled Tuesday Blitz November 9 2021"]
[White "Zhigalko, Sergei"]
[Black "Ten Hertog, Hugo"]
[WhiteFideId "13502956"]
[BlackFideId "1026356"]
[WhiteElo "2662"]
[BlackElo "2493"]
[Result "0-1"]
[Round "05"]
[TimeControl "180+1"]
[Date "2021.11.09"]
[WhiteClock "0:00:01"]
[BlackClock "0:00:10"]

1. e4 g6 2. d4 Bg7 3. Nc3 d6 4. Nf3 a6 5. Be3 Nd7 6. Bc4 e6 7. a4 b6 8. O-O Ne7 9. Re1 Bb7 10. Qd2 h6 11. Rad1 g5 12. h4 g4 13. Nh2 Nf6 14. e5 Nfd5 15. Nxg4 Nxc3 16. Qxc3 Nf5 17. Be2 Nxh4 18. d5 h5 19. Nf6+ Bxf6 20. exf6 Rg8 21. g3 Qd7 22. Bxh5 e5 23. Kf1 Nf5 24. Ke2 Rxg3 25. fxg3 Nxg3+ 26. Kd2 Ne4+ 27. Kc1 Nxc3 28. bxc3 Qxa4 29. Rg1 Qa3+ 30. Kd2 Bxd5 31. Rg8+ Kd7 32. Bg4+ Kc6 33. Rxa8 Qa4 34. Rg8 Qe4 35. Rg1 a5 36. Be2 Bc4 37. R8g4 Qd5+ 38. Ke1 Bxe2 39. Kxe2 b5 40. Rf1 a4 41. Ra1 Qe6 42. Rag1 Qf5 43. Kd2 Qe6 44. Kc1 Qa2 45. Kd2 a3 46. c4 b4 0-1


[Site "https://www.chess.com"]

[Event "Titled Tuesday Blitz November 9 2021"]
[White "Zierk, Steven"]
[Black "Alavi, Sayed Javad"]
[WhiteFideId "2034255"]
[BlackFideId "12500607"]
[WhiteElo "2494"]
[BlackElo "2495"]
[Result "1-0"]
[Round "05"]
[TimeControl "180+1"]
[Date "2021.11.09"]
[WhiteClock "0:02:42"]
[BlackClock "0:02:06"]

1. b3 e5 2. Bb2 d6 3. c4 Nc6 4. g3 f5 5. Bg2 Nf6 6. Nc3 g6 7. e3 Bg7 8. Nge2 O-O 9. O-O e4 10. d3 exd3 11. Qxd3 Ne5 12. Qc2 Rb8 13. Rad1 b6 14. Nb5 a5 15. Bxe5 1-0


[Site "https://www.chess.com"]

[Event "Titled Tuesday Blitz November 9 2021"]
[White "Adly, Ahmed"]
[Black "Jaracz, Pawel"]
[WhiteFideId "10601619"]
[BlackFideId "1102222"]
[WhiteElo "2683"]
[BlackElo "2495"]
[Result "1-0"]
[Round "06"]
[TimeControl "180+1"]
[Date "2021.11.09"]
[WhiteClock "0:00:47"]
[BlackClock "0:01:29"]

1. Nf3 d5 2. c4 c6 3. g3 Nd7 4. Bg2 e5 5. O-O Ngf6 6. cxd5 cxd5 7. d4 e4 8. Ne5 h6 9. Nc3 Be7 10. Qb3 Nb6 11. a4 a5 12. Nxe4 Nxe4 13. Bxe4 Be6 14. Qb5+ Kf8 15. Bg2 h5 16. f4 Bf5 17. Bd2 f6 18. Bxa5 Rxa5 19. Qxa5 fxe5 20. fxe5 g6 21. Bh3 Nc4 22. Qxd8+ Bxd8 23. Bxf5 gxf5 24. Rxf5+ Ke8 25. e6 Ne3 26. Rf7 Rh6 27. Rxb7 Rxe6 28. a5 Nc2 29. Ra2 Rxe2 30. a6 Ne3 31. a7 Rg2+ 32. Kh1 Rf2 33. Ra1 1-0


[Site "https://www.chess.com"]

[Event "Titled Tuesday Blitz November 9 2021"]
[White "Ahmadzada, Ahmad"]
[Black "Costachi, Mihnea"]
[WhiteFideId "13413007"]
[BlackFideId "1217518"]
[WhiteElo "2226"]
[BlackElo "2482"]
[Result "0-1"]
[Round "06"]
[TimeControl "180+1"]
[Date "2021.11.09"]
[WhiteClock "0:00:17"]
[BlackClock "0:00:51"]

1. Nf3 Nf6 2. g3 g6 3. Bg2 Bg7 4. O-O O-O 5. d3 d6 6. e4 e5 7. Nc3 Nc6 8. Nd2 Bd7 9. Nc4 Qc8 10. f4 Bh3 11. f5 Bxg2 12. Kxg2 Nd4 13. Bg5 h6 14. Bxf6 Bxf6 15. Nd5 Qd8 16. c3 Nc6 17. Nce3 Bg5 18. Qf3 Bxe3 19. Qxe3 g5 20. h4 f6 21. Rh1 Ne7 22. Nxf6+ Rxf6 23. hxg5 Nxf5 24. exf5 Rxf5 25. gxh6 Qf6 26. Raf1 Rf8 27. Rxf5 Qxf5 28. Qe2 Qg5 29. Rh4 Kh8 30. Rg4 Qf6 31. Kh3 Qf5 32. Qe4 Qh5+ 33. Kg2 Qf7 34. Rg7 Qf1+ 0-1


[Site "https://www.chess.com"]

[Event "Titled Tuesday Blitz November 9 2021"]
[White "Bok, Benjamin"]
[Black "Rozman, Levy"]
[WhiteFideId "1017063"]
[BlackFideId "2039877"]
[WhiteElo "2658"]
[BlackElo "2376"]
[Result "0-1"]
[Round "06"]
[TimeControl "180+1"]
[Date "2021.11.09"]
[WhiteClock "0:00:08"]
[BlackClock "0:00:08"]

1. d4 Nf6 2. c4 e6 3. Nc3 Bb4 4. Qc2 d5 5. a3 Bxc3+ 6. Qxc3 c5 7. dxc5 d4 8. Qg3 Nc6 9. Nf3 O-O 10. Bh6 Ne8 11. b4 a5 12. b5 Ne7 13. e4 Kh8 14. Rd1 gxh6 15. Rxd4 Qc7 16. Qxc7 Nxc7 17. Be2 e5 18. Nxe5 Ne6 19. Rd6 Nxc5 20. f3 Be6 21. Kf2 Ng6 22. Nxg6+ hxg6 23. Rhd1 Rac8 24. Ke3 Kg7 25. f4 Rfe8 26. e5 f6 27. exf6+ Kxf6 28. Bf3 Ke7 29. R6d4 Red8 30. Bd5 Kf6 31. g3 Bxd5 32. Rxd5 Re8+ 33. Kf3 Ne6 34. Rd7 Re7 35. R1d6 Rxc4 36. Rxe7 Kxe7 37. Rb6 Rc7 38. Ke4 Nc5+ 39. Kd5 Kf7 40. Kd6 Ne6 41. g4 Re7 42. f5 gxf5 43. gxf5 Nd4 44. Kc5 Nxf5 45. h3 Re5+ 46. Kc4 Re7 47. Kd5 Ne3+ 48. Kc5 a4 49. Rxh6 Nc2 50. Rh7+ Ke8 51. Rxe7+ Kxe7 52. Kb6 Nxa3 53. Ka5 Nxb5 54. Kxa4 Nc7 55. Ka5 b5 56. h4 Kf7 57. Kb4 Kg6 58. Kc5 Kh5 59. Kb4 Kxh4 60. Kc5 Kg4 61. Kb4 Kf4 62. Kc5 Ke4 63. Kb4 Kd4 0-1


[Site "https://www.chess.com"]

[Event "Titled Tuesday Blitz November 9 2021"]
[White "Bortnyk, Olexandr"]
[Black "Lazavik, Denis"]
[WhiteFideId "14120828"]
[BlackFideId "13515110"]
[WhiteElo "2723"]
[BlackElo "2436"]
[Result "0-1"]
[Round "06"]
[TimeControl "180+1"]
[Date "2021.11.09"]
[WhiteClock "0:00:08"]
[BlackClock "0:00:06"]

1. d4 d5 2. Bf4 Nf6 3. e3 e6 4. Nf3 Bd6 5. Nbd2 O-O 6. Bd3 Bxf4 7. exf4 b6 8. Qe2 c5 9. c3 a5 10. Ne5 Ba6 11. Bxa6 Nxa6 12. Qb5 Ne8 13. O-O Nd6 14. Qe2 b5 15. Ndf3 c4 16. a3 Qc7 17. Rfe1 Rfe8 18. Nd2 b4 19. axb4 axb4 20. Qh5 f6 21. Ng4 Qf7 22. Qh3 bxc3 23. Qxc3 Nc7 24. b3 Ncb5 25. Qb4 c3 26. Nf3 Rxa1 27. Rxa1 Rc8 28. h3 h6 29. Rc1 Qg6 30. Ne3 Qe4 31. f5 exf5 32. Re1 c2 33. Qd2 f4 34. Nf1 Qxe1 35. Qxe1 c1=Q 36. Qe6+ Kh8 37. Qxd5 Qc6 38. Qe6 Re8 39. Qg4 Qc8 40. Qxf4 Qf5 41. Qg3 Ne4 42. Qh4 Nbd6 43. Ne3 Qg6 44. Qf4 Nf7 45. d5 Neg5 46. Nxg5 Nxg5 47. Kh2 Qe4 48. Qc7 Qe5+ 49. Qxe5 fxe5 50. b4 Nf7 51. Nc4 Rc8 52. Na5 Nd6 53. Nc6 Rc7 54. Nxe5 Rb7 55. Nc6 Kg8 56. g4 Kf8 57. f4 Rb5 58. Nd4 Rxd5 59. Ne6+ Kf7 60. Nd8+ Kg8 61. Ne6 Rb5 62. Kg3 Rxb4 63. f5 Ne4+ 64. Kh4 Nf2 65. Kg3 Ne4+ 66. Kg2 Rb3 67. Nf4 Rg3+ 68. Kh2 Rf3 69. Ng6 Ng5 70. h4 Nf7 71. Kg2 Ra3 72. Ne7+ Kf8 73. Ng6+ Ke8 74. Kf2 Ra5 75. Kg3 Ne5 76. Nh8 Kf8 77. Kf4 Kg8 78. Ng6 Nxg6+ 79. fxg6 Kf8 80. h5 Ke7 81. g5 Rxg5 0-1


[Site "https://www.chess.com"]

[Event "Titled Tuesday Blitz November 9 2021"]
[White "Csonka, Balazs"]
[Black "Zierk, Steven"]
[WhiteFideId "742910"]
[BlackFideId "2034255"]
[WhiteElo "2404"]
[BlackElo "2494"]
[Result "1/2-1/2"]
[Round "06"]
[TimeControl "180+1"]
[Date "2021.11.09"]
[WhiteClock "0:00:03"]
[BlackClock "0:00:10"]

1. e4 c5 2. Nf3 Nc6 3. d4 cxd4 4. Nxd4 Nf6 5. Nc3 e5 6. Ndb5 d6 7. Na3 Be6 8. Nc4 d5 9. exd5 Nxd5 10. Nxd5 Qxd5 11. Qxd5 Bxd5 12. Be3 b5 13. Nd2 b4 14. f3 O-O-O 15. O-O-O Be7 16. Nb3 f5 17. Bb5 Kc7 18. Rd2 Bf7 19. Rhd1 Rxd2 20. Rxd2 a6 21. Bd3 g6 22. Nc5 a5 23. Na6+ Kc8 24. Nc5 Nd4 25. Nb3 Nxb3+ 26. axb3 Kc7 27. Bb5 Be6 28. Kd1 g5 29. Ke2 h5 30. Kf2 g4 31. Re2 Bd6 32. Bg5 h4 33. Bf6 Rh6 34. Bxe5 Kb6 35. Bxd6 Kxb5 36. Bf4 Rg6 37. Re5+ Ka6 38. Rc5 gxf3 39. gxf3 Bd7 40. Bc7 Rc6 41. Rxc6+ Bxc6 42. h3 Bd7 43. Bd8 f4 44. Kg2 Bf5 45. Bxh4 Bxc2 46. Bg5 Bxb3 47. Bxf4 Kb5 48. Kg3 Bf7 49. Be5 a4 50. Kf4 Kc4 51. h4 Bh5 52. Ke3 Kd5 53. f4 Bg6 54. Bh8 Kc4 55. Bg7 a3 56. bxa3 bxa3 57. Kf3 Kd5 58. Kg4 Ke6 59. Kg5 Bb1 60. h5 a2 61. Ba1 Kf7 62. h6 Bh7 63. f5 Bg8 64. Kh5 Bh7 65. Kg5 Bg8 66. Bb2 Bh7 67. Bc3 Ke7 68. Kf4 Kf7 69. Ke5 Ke7 70. Ba1 Kf7 71. Bb2 Ke7 72. Ba1 Bg8 73. Bc3 Bh7 74. Kf4 Kf7 75. Kg5 Ke7 76. Ba1 Kf7 77. Bb2 Ke7 78. Ba1 Kf7 79. Bb2 Ke7 1/2-1/2


[Site "https://www.chess.com"]

[Event "Titled Tuesday Blitz November 9 2021"]
[White "Cunha, Lucas Aguiar"]
[Black "Bazeev, German"]
[WhiteFideId "2125404"]
[BlackFideId "24119350"]
[WhiteElo "2361"]
[BlackElo "2462"]
[Result "0-1"]
[Round "06"]
[TimeControl "180+1"]
[Date "2021.11.09"]
[WhiteClock "0:01:17"]
[BlackClock "0:00:15"]

1. e4 c6 2. d4 d5 3. e5 Bf5 4. Nf3 e6 5. Be2 Nd7 6. O-O a6 7. Nbd2 h6 8. Nb3 Ne7 9. a4 g5 10. a5 Bg6 11. Ne1 Nf5 12. Bd2 h5 13. c4 g4 14. cxd5 cxd5 15. Nd3 Nb8 16. Nf4 Nc6 17. Bc3 Bh6 18. Nxg6 fxg6 19. Nc5 Qe7 20. Ra4 O-O 21. Bd2 Bxd2 22. Qxd2 Ncxd4 23. Nd3 Rac8 24. Bd1 Kg7 25. Rb4 Rc4 26. Rb6 Rc6 27. Rb4 Rfc8 28. Nf4 Rc4 29. Rb6 R8c6 30. b3 Rxb6 31. bxc4 Qb4 32. Qxb4 Rxb4 33. cxd5 exd5 34. Re1 Rb1 35. Kf1 Ne7 36. e6 Nb5 37. Bc2 Rxe1+ 38. Kxe1 Kf6 39. g3 Nc7 40. Bd3 Nxe6 41. Ne2 Nc5 42. Bb1 Ke5 43. Kd2 d4 44. Nc1 Kf6 45. Ke2 Nc6 46. Nd3 Nxd3 47. Kxd3 Nxa5 48. Kxd4 Nc6+ 49. Kc5 Ne5 50. Be4 b5 51. Kb6 Nc4+ 52. Kxa6 Nd2 53. Bd3 b4 54. Ka5 b3 55. Kb4 b2 56. Kc3 b1=Q 57. Bxb1 Nxb1+ 58. Kb3 Ke5 59. Kc2 Ke4 60. Kxb1 Kf3 61. Kc2 Kxf2 62. Kd3 Kg2 63. Ke3 Kxh2 64. Kf2 Kh3 0-1


[Site "https://www.chess.com"]

[Event "Titled Tuesday Blitz November 9 2021"]
[White "Cunjalo, Faris"]
[Black "Dzhumagaliev, Yan"]
[WhiteFideId "14410710"]
[BlackFideId "24100110"]
[WhiteElo "2263"]
[BlackElo "2507"]
[Result "1-0"]
[Round "06"]
[TimeControl "180+1"]
[Date "2021.11.09"]
[WhiteClock "0:00:19"]
[BlackClock "0:00:52"]

1. d4 Nf6 2. Bf4 h5 3. c4 h4 4. h3 c6 5. Nf3 d5 6. e3 Bf5 7. Qb3 Qb6 8. c5 Qxb3 9. axb3 Bxb1 10. Rxb1 a6 11. Bg5 Ne4 12. Bxh4 f6 13. g4 Nd7 14. Bg3 Nxg3 15. fxg3 e5 16. b4 g6 17. h4 Bg7 18. Kf2 f5 19. gxf5 gxf5 20. Rd1 Ke7 21. Bh3 Rhf8 22. dxe5 Nxe5 23. Nd4 Ng4+ 24. Bxg4 fxg4+ 25. Ke2 a5 26. b5 cxb5 27. Nxb5 Bxb2 28. Nc7 Ra7 29. Nxd5+ Ke6 30. Nf4+ Kf5 31. Rhf1 Ke4 32. Rd7 Rf5 33. Rb1 Be5 34. c6 Rf8 35. cxb7 Re8 36. Nd3 Bxg3 37. Rb5 Be5 38. Rxe5+ Rxe5 39. b8=Q Rxd7 40. Qxe5# 1-0


[Site "https://www.chess.com"]

[Event "Titled Tuesday Blitz November 9 2021"]
[White "Hakobyan, Aram"]
[Black "Mustafayev, Farid"]
[WhiteFideId "13306677"]
[BlackFideId "13408771"]
[WhiteElo "2557"]
[BlackElo "2091"]
[Result "1/2-1/2"]
[Round "06"]
[TimeControl "180+1"]
[Date "2021.11.09"]
[WhiteClock "0:00:09"]
[BlackClock "0:00:09"]

1. e4 c6 2. d4 d5 3. e5 Bf5 4. h4 Qb6 5. h5 h6 6. c3 e6 7. g4 Be4 8. f3 Bh7 9. Bd3 Bxd3 10. Qxd3 Nd7 11. f4 Ne7 12. Nf3 c5 13. Rh2 Nc6 14. Be3 Rc8 15. f5 cxd4 16. cxd4 Nb4 17. Qd1 Qa6 18. Rd2 Nb6 19. b3 Be7 20. a3 O-O 21. Qe2 Rc1+ 22. Kf2 Qa5 23. Rb2 Rc6 24. f6 gxf6 25. Bxh6 Rfc8 26. Bd2 Rc2 27. Raa2 Nxa2 28. Bxa5 Rxe2+ 29. Kxe2 Nc1+ 30. Ke3 fxe5 31. dxe5 Bc5+ 32. Kd2 Nxb3+ 33. Rxb3 Nc4+ 34. Ke2 Nxa5 35. Rc3 Nc4 36. a4 Rc6 37. Nbd2 Bb4 38. Rb3 Bxd2 39. Nxd2 b6 40. Nf3 Na5 41. Rb1 Rc4 42. g5 Rxa4 43. g6 fxg6 44. Rg1 Ra2+ 45. Kd3 Nc6 46. Rxg6+ Kh7 47. Ng5+ Kh8 48. Nf7+ Kh7 49. Ng5+ Kh8 50. Rxe6 Ra3+ 51. Kd2 Ra2+ 52. Ke3 Ra3+ 53. Kf4 Nd4 54. Rh6+ Kg7 55. Rg6+ Kf8 56. e6 Nc6 57. Kf5 Ne7+ 58. Kf6 Ra1 59. Nh7+ Ke8 60. Rg7 Rf1+ 61. Ke5 Rf5+ 62. Kd6 Nc8+ 63. Kc7 Ne7 64. h6 d4 65. Ng5 d3 66. h7 Rf8 67. Rf7 Rh8 68. Rf3 d2 69. Rd3 Ng6 70. Rxd2 Ke7 71. Rd7+ Kf6 72. Nf7 Rxh7 73. Nd6 Re7 74. Ne4+ Kxe6 75. Ng5+ Kf6 76. Nh7+ Kg7 77. Rxe7+ Nxe7 78. Ng5 Kf6 79. Ne4+ Ke5 80. Nd6 Nd5+ 81. Kc6 Ne7+ 82. Kd7 Nf5 83. Nc8 b5 84. Nxa7 b4 85. Nc6+ Ke4 86. Nxb4 1/2-1/2


[Site "https://www.chess.com"]

[Event "Titled Tuesday Blitz November 9 2021"]
[White "Hansen, Eric"]
[Black "Manafov, Vugar"]
[WhiteFideId "2606771"]
[BlackFideId "13410814"]
[WhiteElo "2568"]
[BlackElo "2277"]
[Result "1/2-1/2"]
[Round "06"]
[TimeControl "180+1"]
[Date "2021.11.09"]
[WhiteClock "0:01:33"]
[BlackClock "0:02:03"]

1. e4 Nf6 2. e5 Nd5 3. c4 Nb6 4. d4 d6 5. exd6 cxd6 6. Nc3 g6 7. Be3 Bg7 8. Rc1 O-O 9. b3 Bf5 10. Be2 d5 11. Nf3 Nc6 12. O-O Bg4 13. c5 Nc8 14. h3 Bxf3 15. Bxf3 e6 16. b4 a6 17. a3 N8e7 18. Ne2 Nf5 19. Qd3 Qf6 20. Rcd1 Nh4 21. Bf4 Nf5 22. Be3 Nh4 23. Bf4 Nf5 24. Be3 1/2-1/2


[Site "https://www.chess.com"]

[Event "Titled Tuesday Blitz November 9 2021"]
[White "Hasangatin, Ramil"]
[Black "Rustemov, Alexander"]
[WhiteFideId "4122160"]
[BlackFideId "4119002"]
[WhiteElo "2375"]
[BlackElo "2783"]
[Result "1/2-1/2"]
[Round "06"]
[TimeControl "180+1"]
[Date "2021.11.09"]
[WhiteClock "0:00:07"]
[BlackClock "0:00:06"]

1. e4 e6 2. d3 d5 3. Qe2 Nc6 4. Nf3 e5 5. c3 Nf6 6. g3 a5 7. Bg2 dxe4 8. dxe4 Bc5 9. O-O O-O 10. b3 b6 11. Rd1 Ba6 12. Qe1 Qe7 13. h3 Rfd8 14. Rxd8+ Rxd8 15. Bg5 h6 16. Bxf6 Qxf6 17. Nbd2 Qd6 18. Bf1 Bxf1 19. Qxf1 g6 20. Kg2 Kg7 21. Nc4 Qd3 22. Qxd3 Rxd3 23. Rc1 Kf6 24. Ncd2 Ke6 25. Kf1 Rd7 26. Ke2 Be7 27. Rd1 f5 28. Nc4 Rxd1 29. Kxd1 b5 30. Ncd2 b4 31. c4 Bc5 32. Ke2 Kf6 33. Ke1 h5 34. Ke2 Nd8 35. Ke1 Ne6 36. Ke2 g5 37. exf5 Kxf5 38. Ne1 Nd4+ 39. Kd3 Ne6 40. Ne4 Be7 41. Nf3 Nc5+ 42. Nxc5 Bxc5 43. Ke2 e4 44. Ne1 Ke5 45. Nc2 Bb6 46. Ke1 Bc5 47. Ke2 c6 48. Ke1 Bd4 49. Ke2 c5 50. Ke1 Kf5 51. Ke2 Ke5 52. Ke1 Kf5 53. Ke2 Ke5 1/2-1/2


[Site "https://www.chess.com"]

[Event "Titled Tuesday Blitz November 9 2021"]
[White "Holt, Conrad"]
[Black "Jobava, Baadur"]
[WhiteFideId "2034387"]
[BlackFideId "13601520"]
[WhiteElo "2586"]
[BlackElo "2731"]
[Result "1/2-1/2"]
[Round "06"]
[TimeControl "180+1"]
[Date "2021.11.09"]
[WhiteClock "0:00:04"]
[BlackClock "0:00:14"]

1. d4 d5 2. c4 c6 3. Nc3 Nf6 4. e3 Nbd7 5. cxd5 cxd5 6. f4 Nb6 7. Bd3 g6 8. Nf3 Bf5 9. Ne5 Bxd3 10. Qxd3 e6 11. Qb5+ Nfd7 12. e4 a6 13. Qb3 Nf6 14. f5 exf5 15. exf5 Bg7 16. O-O O-O 17. Bg5 Qd6 18. Rae1 Rae8 19. a4 Nfd7 20. a5 Nc4 21. fxg6 hxg6 22. Nxc4 dxc4 23. Qxc4 Qxd4+ 24. Qxd4 Bxd4+ 25. Kh1 Nc5 26. Bh6 Rxe1 27. Rxe1 Rd8 28. Rd1 Ne6 29. Bc1 Bxc3 30. Rxd8+ Nxd8 31. bxc3 Nc6 32. Kg1 Nxa5 33. Kf2 Kf8 34. Ke3 Ke7 35. Kd3 Ke6 36. g4 f5 37. gxf5+ Kxf5 38. c4 Ke6 39. Bd2 Nc6 40. Ke4 Ne5 41. c5 Nc6 42. Bc3 a5 43. h4 a4 44. Bb2 Na7 45. Kd4 a3 46. Ba1 Kd7 47. Kd5 Nb5 48. Kc4 Kc6 49. Kb4 a2 50. Kb3 Kxc5 51. Kxa2 Kc4 52. Bf6 Nd4 53. Ka3 b5 54. Kb2 b4 55. Bd8 b3 56. Bf6 Nf5 57. Ka3 Ne3 58. Kb2 Nd1+ 59. Kc1 Nc3 60. Kb2 Ne4 61. Be7 Nf2 62. Bf6 Nd3+ 63. Kb1 Kd5 64. Bg7 Ke4 65. Bf6 Kf5 66. Bd8 Kg4 67. Be7 Kh5 68. Bd8 Kg4 69. Be7 Kf5 70. Bd8 Ke4 71. Bf6 Kd5 72. Bg7 Kc4 73. Bf6 Kb4 74. Be7+ Kc3 75. Bf6+ Kd2 76. Bg5+ Ke2 77. Bf6 Nc5 78. Kb2 Kd3 79. Be7 Kc4 80. Bd8 Na4+ 81. Kb1 Nc3+ 82. Kb2 Nd1+ 83. Kb1 Ne3 84. Bf6 Nd5 85. Be5 Nb4 86. Bf6 Nc6 87. Kb2 Kb4 88. Bg5 Kc4 89. Bf6 Nb4 90. Kb1 Nd3 91. Bg5 Kd5 92. Bf6 Ke4 93. Bd8 Kf5 94. Be7 Kg4 95. Bd8 Kh5 96. Be7 Nf4 97. Kb2 Ng2 98. Kxb3 Nxh4 99. Kc2 Nf5 100. Bf6 Ne3+ 101. Kd3 Nd5 102. Bd8 Kg4 103. Ke4 Nf4 104. Ke3 Kf5 105. Kf3 Nd5 106. Kg3 Nc3 107. Kf3 Ne4 108. Ke3 Nd6 109. Kf3 Nf7 110. Be7 Ne5+ 111. Kg3 Nc6 112. Ba3 g5 113. Bc1 g4 114. Bf4 Nd4 115. Bb8 Ne6 116. Kf2 Nc5 117. Ke3 Ne4 118. Bc7 Nf6 119. Bb8 Nd5+ 120. Kf2 Nb4 121. Ke3 Na6 122. Bd6 Ke6 123. Kf4 g3 124. Kxg3 1/2-1/2


[Site "https://www.chess.com"]

[Event "Titled Tuesday Blitz November 9 2021"]
[White "Ibrahimli, Murad"]
[Black "Libiszewski, Fabien"]
[WhiteFideId "13410229"]
[BlackFideId "616834"]
[WhiteElo "2109"]
[BlackElo "2440"]
[Result "1-0"]
[Round "06"]
[TimeControl "180+1"]
[Date "2021.11.09"]
[WhiteClock "0:00:13"]
[BlackClock "0:00:01"]

1. Nf3 g6 2. c4 Bg7 3. d4 Nf6 4. Nc3 O-O 5. e4 d6 6. Be2 Na6 7. O-O e5 8. dxe5 dxe5 9. Bg5 c6 10. h3 h6 11. Be3 Qe7 12. Qc1 Nc5 13. Qc2 Nh5 14. Rfd1 Ne6 15. a3 Nhf4 16. Bf1 Qf6 17. Bxf4 Nxf4 18. Nh2 h5 19. c5 Ne6 20. b4 Nd4 21. Qb2 Be6 22. Ne2 Rfd8 23. Nxd4 exd4 24. Bd3 Qf4 25. g3 Qc7 26. h4 a5 27. Nf3 Bg4 28. Kg2 Qd7 29. Re1 Bxf3+ 30. Kxf3 Qh3 31. Rh1 Qg4+ 32. Kg2 Qe6 33. b5 Qe7 34. Rac1 Bh6 35. Rc2 Qf6 36. Re1 Bf8 37. a4 Qe5 38. f4 Qe7 39. e5 Rd5 40. Rec1 f5 41. Bc4 Rd8 42. Qxd4 Kh7 43. Bxd5 Rxd5 44. Qe3 Qd7 45. e6 Qd8 46. bxc6 bxc6 47. Re2 Be7 48. Rcc2 Rd3 49. Qe5 Rd5 50. Qb2 Rd3 51. Qb7 Qd5+ 52. Kh2 Qd8 53. Qxc6 Kh6 54. Qb7 Rd1 55. Qf3 Qd4 56. Qe3 Qd5 57. Rg2 1-0


[Site "https://www.chess.com"]

[Event "Titled Tuesday Blitz November 9 2021"]
[White "Karttunen, Mika"]
[Black "Suarez Garcia, Carlos"]
[WhiteFideId "502081"]
[BlackFideId "22230858"]
[WhiteElo "2343"]
[BlackElo "2487"]
[Result "0-1"]
[Round "06"]
[TimeControl "180+1"]
[Date "2021.11.09"]
[WhiteClock "0:00:17"]
[BlackClock "0:00:20"]

1. e4 c5 2. Nf3 e6 3. d4 cxd4 4. Nxd4 Nc6 5. Nc3 Qc7 6. Be3 a6 7. Qf3 d6 8. O-O-O Bd7 9. Qg3 Rc8 10. Be2 g6 11. Nxc6 bxc6 12. Bf4 e5 13. Bxe5 dxe5 14. Rxd7 Kxd7 15. Bg4+ f5 16. exf5 Ke8 17. fxg6 Rd8 18. Be6 Bh6+ 19. Kb1 Nf6 20. Re1 Kf8 21. Qh4 Kg7 22. gxh7 Rxh7 23. Qg3+ Kh8 24. Bf5 Bf4 25. Qg6 Qg7 26. h3 Qxg6 27. Bxg6 Rg7 28. g3 Rxg6 29. g4 Nd5 0-1


[Site "https://www.chess.com"]

[Event "Titled Tuesday Blitz November 9 2021"]
[White "Khusnutdinov, Rustam"]
[Black "Lianes Garcia, Marcos"]
[WhiteFideId "13701703"]
[BlackFideId "32060777"]
[WhiteElo "2571"]
[BlackElo "2283"]
[Result "1-0"]
[Round "06"]
[TimeControl "180+1"]
[Date "2021.11.09"]
[WhiteClock "0:01:17"]
[BlackClock "0:00:32"]

1. d4 g6 2. e4 Bg7 3. Nc3 c5 4. dxc5 Bxc3+ 5. bxc3 Qa5 6. Ne2 Nc6 7. Be3 Nf6 8. f3 b6 9. cxb6 axb6 10. Qd2 Ba6 11. Nd4 Ne5 12. Nb3 Qa4 13. Bxa6 Qxa6 14. Bd4 Nc4 15. Qe2 e5 16. Bf2 O-O 17. O-O d6 18. Rfd1 Nd7 19. a4 Nc5 20. Nxc5 bxc5 21. Rdb1 Rfb8 22. Rb3 Rc8 23. Qd3 Na5 24. Rb5 Qc6 25. Rd1 Ra6 26. Bh4 Kg7 27. h3 f6 28. Bf2 Rc7 29. Rb8 Nb7 30. Qb5 Rb6 31. Qc4 Ra6 32. Qg8+ Kh6 33. Qf8+ Rg7 34. Qxf6 1-0


[Site "https://www.chess.com"]

[Event "Titled Tuesday Blitz November 9 2021"]
[White "Kobalia, Mikhail"]
[Black "Grischuk, Alexander"]
[WhiteFideId "4119150"]
[BlackFideId "4126025"]
[WhiteElo "2543"]
[BlackElo "2757"]
[Result "1/2-1/2"]
[Round "06"]
[TimeControl "180+1"]
[Date "2021.11.09"]
[WhiteClock "0:00:11"]
[BlackClock "0:00:09"]

1. e4 e6 2. d3 c5 3. Nf3 Nc6 4. g3 Nge7 5. h4 d5 6. Nbd2 e5 7. Bg2 Bg4 8. c3 Qd7 9. Qb3 Rd8 10. O-O f6 11. Re1 d4 12. cxd4 cxd4 13. Nc4 Nc8 14. Bd2 Be6 15. Rac1 Nd6 16. Nxd6+ Bxd6 17. Qa4 a6 18. a3 O-O 19. Kh2 Qf7 20. Qd1 h6 21. Bh3 f5 22. Qe2 Kh8 23. Bxf5 Bxf5 24. exf5 Qxf5 25. Kg2 Rf7 26. Rf1 Rdf8 27. Nh2 Ne7 28. Qe4 Qe6 29. Qxb7 Nd5 30. Qxa6 e4 31. Rc6 e3 32. Rxd6 Rxf2+ 33. Rxf2 Rxf2+ 34. Kh1 Qh3 35. Rxh6+ gxh6 36. Qxh6+ Kg8 37. Qg5+ Kf8 38. Qd8+ Kg7 39. Qg5+ Kh7 40. Qh5+ Kg8 41. Qg5+ Kf8 42. Qd8+ Kg7 43. Qg5+ Kh7 44. Qh5+ Kg7 45. Qg5+ 1/2-1/2


[Site "https://www.chess.com"]

[Event "Titled Tuesday Blitz November 9 2021"]
[White "Korchmar, Vasiliy"]
[Black "Llorente Zaro, Alfonso"]
[WhiteFideId "24131750"]
[BlackFideId "2254131"]
[WhiteElo "2370"]
[BlackElo "2480"]
[Result "0-1"]
[Round "06"]
[TimeControl "180+1"]
[Date "2021.11.09"]
[WhiteClock "0:00:01"]
[BlackClock "0:00:39"]

1. e4 e6 2. d4 b6 3. Bd3 Bb7 4. Nf3 Ne7 5. O-O d6 6. Nc3 Nd7 7. a4 a6 8. Re1 h6 9. e5 d5 10. Ne2 c5 11. c3 Nc6 12. Ng3 g6 13. Be3 cxd4 14. cxd4 Nb4 15. Bb1 Be7 16. Qd2 h5 17. Ng5 Nf8 18. Ra3 h4 19. Ne2 Rh5 20. Nf3 a5 21. Nf4 Rh8 22. h3 Rc8 23. Rc3 Ba6 24. Rec1 Rxc3 25. Rxc3 Kd7 26. Qc1 Nh7 27. Kh1 Qb8 28. Bxg6 fxg6 29. Nxg6 Na2 30. Qc2 Nxc3 31. Nxh8 Ne4 32. Ng6 Bd8 33. Ngxh4 Qc7 34. Qd1 Qc4 35. Ng6 Qe2 36. Qc1 Nxf2+ 37. Bxf2 Qxf2 38. Qh6 Ng5 39. Nxg5 Bf1 0-1


[Site "https://www.chess.com"]

[Event "Titled Tuesday Blitz November 9 2021"]
[White "Kovalenko, Igor"]
[Black "Bortnyk, Mykola"]
[WhiteFideId "14117908"]
[BlackFideId "14120836"]
[WhiteElo "2629"]
[BlackElo "2582"]
[Result "1/2-1/2"]
[Round "06"]
[TimeControl "180+1"]
[Date "2021.11.09"]
[WhiteClock "0:00:52"]
[BlackClock "0:00:58"]

1. e4 Nf6 2. Nc3 d5 3. exd5 Nxd5 4. Nf3 Bf5 5. Bc4 e6 6. O-O Be7 7. Re1 Nb6 8. Bf1 Nc6 9. d3 O-O 10. h3 h6 11. g3 Nd5 12. Bd2 Bf6 13. Bg2 Re8 14. Rb1 Nd4 15. Ne4 Nxf3+ 16. Qxf3 Be7 17. a3 c6 18. Rbd1 Qb6 19. Bc1 Rad8 20. Nd2 Qc7 21. Nc4 Bf6 22. Qe2 b5 23. Ne5 a5 24. Kh2 a4 25. c4 Ne7 26. Bf4 g5 27. Ng4 gxf4 28. Nxf6+ Kh8 29. Nxe8 Rxe8 30. Qe5+ Qxe5 31. Rxe5 fxg3+ 32. fxg3 Rb8 33. cxb5 cxb5 34. g4 Bg6 35. Rd2 b4 36. Ra5 bxa3 37. bxa3 Rb3 38. Rxa4 Bxd3 39. Ra7 Ng6 40. a4 Kg7 41. a5 Ra3 42. Rf2 Ne5 43. Rf4 Ra2 44. Kg3 Ra3 45. Rf2 Bf1+ 46. Kh2 Bd3 47. Ra8 Bc4 48. Rd2 Bd3 49. Rb2 Bc4 50. Rbb8 Ra2 51. Kg3 Ra3+ 52. Kh2 Ra2 53. Rg8+ Kf6 54. Kg3 Ra3+ 55. Kh2 Ra2 56. Kg3 Ra3+ 57. Kh2 Ra2 1/2-1/2


[Site "https://www.chess.com"]

[Event "Titled Tuesday Blitz November 9 2021"]
[White "Madaminov, Mukhiddin"]
[Black "Kollars, Dmitrij"]
[WhiteFideId "14210703"]
[BlackFideId "12909572"]
[WhiteElo "1855"]
[BlackElo "2584"]
[Result "0-1"]
[Round "06"]
[TimeControl "180+1"]
[Date "2021.11.09"]
[WhiteClock "0:00:01"]
[BlackClock "0:00:24"]

1. e4 e5 2. Nf3 Nc6 3. d4 exd4 4. Nxd4 Nf6 5. Nxc6 bxc6 6. e5 Qe7 7. Qe2 Nd5 8. c4 Nb6 9. Nc3 Ba6 10. Qe4 f6 11. exf6 gxf6 12. b3 O-O-O 13. Qxe7 Bxe7 14. Bb2 d5 15. cxd5 Bxf1 16. Kxf1 cxd5 17. Nb5 Kb7 18. Rc1 c5 19. Ba3 a6 20. Nd4 Rc8 21. Nf5 Bf8 22. Ke2 Rg8 23. Kf3 h5 24. h4 Nd7 25. g3 Ne5+ 26. Kg2 a5 27. Rhd1 d4 28. Rc2 Rc6 29. Rdc1 Kb6 30. f4 Nd3 31. Nxd4 Nxc1 32. Nxc6 Nd3 33. Rc3 Nxf4+ 34. Kh2 Nd5 35. Rf3 Kxc6 36. Rf5 Rh8 37. Kh3 Bd6 38. Bb2 Rg8 39. Rf3 Rg4 40. Bc1 f5 41. Bd2 f4 42. Be1 fxg3 43. Kg2 Nf4+ 44. Kg1 Ne2+ 45. Kg2 Nf4+ 46. Kg1 g2 47. Re3 c4 48. Bf2 Bc5 0-1


[Site "https://www.chess.com"]